 Dungeon Crawl Stone Soup version 0.19-a0-1050-g8e71ee3 (webtiles) character file.

213 Rome the Sneak (level 5, 0/25 HPs)
             Began as a Vine Stalker Enchanter on Aug 1, 2016.
             Succumbed to an adder's poison
             ... on level 2 of the Dungeon.
             The game lasted 00:15:37 (1334 turns).

Rome the Sneak (Vine Stalker Enchanter)             Turns: 1334, Time: 00:15:37

Health: 0/25       AC:  0    Str: 11    XL:     5   Next: 90%
Magic:  7/10       EV: 13    Int: 15    God:
Gold:   69         SH:  0    Dex: 15    Spells: 2 memorised, 6 levels left

rFire  . . .     SeeInvis .     a - +1 dagger
rCold  . . .     Gourm    .     (no armour)
rNeg   . . .     Faith    .     (no shield)
rPois  .         Spirit   +     (no helmet)
rElec  .         Dismiss  .     (no cloak)
rCorr  .         Reflect  .     (no gloves)
SustAt .         Harm     .     (no boots)
MR     .....                    (no amulet)
Stlth  +++.......               (no ring)
                                (no ring)

@: lethally poisoned (0 -> -13), not resistant to hostile enchantments, fairly
stealthy
A: fangs 2, regeneration 1, magic shield, antimagic bite, no device heal 3, rot
immunity
a: no special abilities


You were on level 2 of the Dungeon.
You were near starving.

You visited 1 branch of the dungeon, and saw 2 of its levels.

You collected 69 gold pieces.

Inventory:

Hand Weapons
 a - a +1 dagger (weapon)
 o - a +0 scythe
Armour
 b - a +1 robe
 p - a +0 robe
Jewellery
 j - an uncursed amulet of dismissal {unknown}
Scrolls
 e - a scroll of fear {unknown}
 g - a scroll of amnesia {unknown}
 h - a scroll of teleportation {unknown}
 l - a scroll of fog {unknown}
 m - a scroll of identify {unknown}
 q - a scroll of recharging {unknown}
Potions
 f - a potion of mutation {unknown}
 i - a potion of resistance {unknown}
 k - 2 potions of curing {unknown}
Books
 c - a book of Maledictions

   Spells                             Type                      Level
   a - Corona                         Hexes                        1
   b - Ensorcelled Hibernation        Hexes/Ice                    2
   c - Confuse                        Hexes                        3
   d - Tukima's Dance                 Hexes                        3
   e - Dazzling Spray                 Conjuration/Hexes            3
Comestibles
 d - a bread ration
 n - a beef jerky


   Skills:
 + Level 1.0 Fighting
 + Level 1.2 Short Blades
 + Level 2.5 Dodging
 + Level 5.3 Stealth
 + Level 2.9 Spellcasting
 + Level 4.0 Hexes
 + Level 0.6 Ice Magic


You had 6 spell levels left.
You knew the following spells:

 Your Spells              Type           Power        Failure   Level  Hunger
a - Corona                Hex            ##.....      4%          1    #......
b - Ensorcelled Hibernat  Hex/Ice        #.....       12%         2    ##.....


Dungeon Overview and Level Annotations

Branches:
Dungeon (2/15)

Altars:

Annotations:
D:2 Natasha


Innate Abilities, Weirdness & Mutations

You have extremely sharp teeth.
Your natural rate of healing is unusually fast.
When hurt, damage is shared between your health and your magic reserves.
Your bite disrupts and absorbs the magic of your enemies.
Potions and wands cannot restore your health.
You are immune to rotting.


Message History

The adder is severely wounded.
You feel sick. The adder bites you.
You are lethally poisoned!
The adder poisons you!
You barely miss the adder. Your bite misses the adder.
The adder is severely wounded.
You feel sick. The adder bites you.
* * * LOW HITPOINT WARNING * * *
You are more poisoned.
The adder poisons you!
You hit the adder. Your bite misses the adder.
The adder is almost dead.
* * * LOW HITPOINT WARNING * * *
You feel sick. The adder bites you.
* * * LOW HITPOINT WARNING * * *
The adder closely misses you.
You completely miss the adder. You bite the adder. You drain its power.
You feel invigorated.
You kill the adder!
You die...

#..........# #.# #..
#..........#
##.############)#
#....s.....#
#...........(...#
#..........#
###.#.#############
#..........###.....#
#........##....####
#..<........##.#
#S.........####.#
#...........=..@#
#l...!...?.###.........
#..........# #..#######
#..........# #.##
##........## #.
##......## #. .. ##


There were no monsters in sight!

Vanquished Creatures
  Sigmund (D:2)
  Terence (D:2)
  2 adders (D:2)
  A worm (D:2)
  2 dart slugs (D:1)
  A giant cockroach (D:1)
  2 goblins
  2 hobgoblins (D:1)
  3 kobolds
  A bat (D:1)
  2 giant newts
  3 rats
21 creatures vanquished.

Notes
Turn   | Place    | Note
-------+----------+-------------------------------------------
     0 | D:1      | Rome the Vine Stalker Enchanter began the quest for the Orb.
     0 | D:1      | Reached XP level 1. HP: 9/9 MP: 4/4
   208 | D:1      | Reached XP level 2. HP: 13/13 MP: 6/6
   408 | D:1      | Reached skill level 4 in Stealth
   728 | D:1      | Reached skill level 1 in Short Blades
   754 | D:2      | Noticed Natasha
   839 | D:2      | Noticed Terence
   846 | D:2      | Killed Terence
   846 | D:2      | Reached XP level 3. HP: 3/17 MP: 2/7
   905 | D:2      | Learned a level 2 spell: Ensorcelled Hibernation
   959 | D:2      | Noticed Sigmund
  1053 | D:2      | Killed Sigmund
  1053 | D:2      | Reached skill level 1 in Fighting
  1053 | D:2      | Reached skill level 5 in Stealth
  1053 | D:2      | Reached XP level 4. HP: 22/22 MP: 5/9
  1053 | D:2      | Reached XP level 5. HP: 25/25 MP: 5/10
  1334 | D:2      | Succumbed to an adder's poison

Vault maps used:
D:1:      dpeg_arrival_pits
D:2:      uniq_sigmund, uniq_terence, uniq_natasha

Skill      XL: |  1  2  3 |
---------------+----------+-----
Stealth        | 4 5 |  5.3
Short Blades   | 1 |  1.2
Fighting       | 1 |  1.0
Dodging        | 2 |  2.5
Hexes          | 4 |  4.0
Spellcasting   | |  2.9
Ice Magic      | |  0.6

Action                   |  1- 3 |  4- 6 || total
-------------------------+-------+-------++-------
Melee: Dagger            |    65 |    12 ||    77
       Bite              |    10 |     3 ||    13
 Cast: Corona            |     4 |       ||     4
       Ensorcelled Hiber |     6 |     2 ||     8
 Stab: Sleeping          |     4 |     2 ||     6
Armor: Robe              |    15 |       ||    15
Dodge: Dodged            |    37 |     3 ||    40
